 Dungeon Crawl Stone Soup version 0.30.1-4-g462c640d31 (webtiles) character file.

Game seed: 13687394662442246686

10123 Gorgoleon the Severer (level 11, -8/87 (94) HPs)
             Began as a Hill Orc Fighter on Aug 17, 2023.
             Was an Elder of Beogh.
             Mangled by Snorg (14 damage)
             ... on level 10 of the Dungeon.
             The game lasted 00:32:19 (10749 turns).

Gorgoleon the Severer (Hill Orc Fighter)           Turns: 10749, Time: 00:32:19

HP:   -8/87 (94)    AC: 14    Str: 24    XL:     11   Next: 57%
MP:   16/16         EV: 12    Int:  8    God:    Beogh [****..]
Gold: 282           SH:  5    Dex: 10    Spells: 10/10 levels left

rFire   . . .        a - +0 war axe
rCold   . . .        c - +0 buckler
rNeg    . . .        E - +0 acid dragon scales
rPois   .            o - +1 helmet
rElec   .            j - +0 cloak
rCorr   +            f - +0 pair of gloves
SInv    +            k - +0 pair of boots
Will    .....        (no amulet)
Stlth   +            u - ring of see invisible
HPRegen 0.34/turn    v - ring of resist corrosion
MPRegen 0.15/turn

%: no passive effects
@: hasted, studying Evocations, drained, very quick
A: no striking features
a: Renounce Religion, Smiting, Recall Orcish Followers


You were on level 10 of the Dungeon.
You worshipped Beogh.
Beogh was greatly pleased with you.
You visited 1 branch of the dungeon, and saw 10 of its levels.
You also visited: Sewer.

You collected 744 gold pieces.
You spent 462 gold pieces at shops.

Inventory:

Hand Weapons
 a - a +0 war axe (weapon)
 b - a +1 scimitar of flaming
 y - a +3 morningstar of flaming
Armour
 c - a +0 buckler (worn)
 f - a +0 pair of gloves (worn)
 j - a +0 cloak (worn)
 k - a +0 pair of boots (worn)
 o - a +1 helmet (worn)
 E - +0 acid dragon scales (worn)
Jewellery
 i - an amulet of magic regeneration
 q - an amulet of faith
 u - a ring of see invisible (left hand)
 v - a ring of resist corrosion (right hand)
 H - a ring of protection from fire
Wands
 h - a wand of quicksilver (12)
 m - a wand of roots (25)
 F - a wand of charming (14)
Scrolls
 e - 2 scrolls of enchant armour
 l - 4 scrolls of teleportation
 n - 3 scrolls of fog
 p - 2 scrolls of blinking
 x - 2 scrolls of amnesia
Potions
 g - 2 potions of curing
 r - 3 potions of brilliance
 w - 2 potions of attraction
 z - 2 potions of lignification
 A - a potion of degeneration
 B - 2 potions of cancellation
 D - 2 potions of magic {unknown}
Miscellaneous
 G - a tin of tremorstones (2/2)


   Skills:
 * Level 8.0 Fighting
 - Level 16.0 Axes
 * Level 6.8 Armour
 * Level 4.0 Dodging
 * Level 6.4 Shields
 * Level 6.7 Invocations
 * Level 7.1 Evocations


You had 10 spell levels left.
You didn't know any spells.
Your spell library contained the following spells:

 Spells                   Type           Power      Damage    Failure   Level
 Slow                     Hex            0%         N/A       52%         1
 Blink                    Tloc           0%         N/A       67%         2
 Ensorcelled Hibernation  Hex/Ice        0%         N/A       67%         2
 Lesser Beckoning         Tloc           0%         N/A       67%         2
 Momentum Strike          Conj/Tloc      0%         3d8       67%         2
 Passwall                 Tmut/Erth      0%         N/A       67%         2
 Confusing Touch          Hex            0%         N/A       88%         3
 Hailstorm                Conj/Ice       0%         3d3       88%         3
 Swiftness                Air            0%         N/A       88%         3
 Vampiric Draining        Necr           0%         2d6       88%         3
 Ice Form                 Ice/Tmut       0%         N/A       99%         4
 Simulacrum               Ice/Necr       0%         N/A       100%        6


Dungeon Overview and Level Annotations

Branches:
Dungeon (10/15)            Temple (0/1) D:4            Lair (0/5) D:9
  Sewer (visited)
    Orc: D:9-12

Altars:
Cheibriados
Dithmenos
Fedhas
Hepliaklqana
Kikubaaqudgha
Makhleb
Okawaru
Qazlal
Trog
Uskayaw
Wu Jian
Xom
Zin

Shops:
D:4 *   D:7 *

Annotations:
D:3 1 runed translucent door, Rangus's ghost, amateur GnWn
D:10 Snorg


Message History

Snorg bites your orc knight! Snorg barely misses your orc knight.
Snorg claws your orc knight!
Okay, then.
Snorg misses your orc knight. Snorg claws your orc knight!
Snorg misses your orc knight.
Your orc knight hits Snorg with a +0 short sword!
Snorg closely misses your orc knight. Snorg claws your orc knight!!
Snorg completely misses your orc knight.
Snorg bites your orc knight! Snorg closely misses your orc knight.
Snorg claws your orc knight!
Your orc knight hits Snorg with a +0 short sword!
Snorg bites your orc knight but does no damage.
Snorg misses your orc knight. Snorg closely misses your orc knight.
You swap places.
Snorg bites you but does no damage. You block Snorg's attack. Snorg claws you.
* * * LOW HITPOINT WARNING * * *
As you read the scroll labelled XEEMIAFEUB, it crumbles to dust.
You hear a loud clanging noise!
It was a scroll of noise.
You hear a bellow!
You hear a shout!
You hear a bark!
Okay, then.
You hit Snorg.
Snorg is severely wounded.
Snorg closely misses you. Snorg barely misses you. x2
You slice Snorg!!
Snorg is severely wounded.
Snorg bites you!
* * * LOW HITPOINT WARNING * * *
Snorg claws you but does no damage. x2
The hound pauses to sniff the ground.
You hit Snorg.
Snorg is severely wounded.
Snorg bites you.
* * * LOW HITPOINT WARNING * * *
Snorg completely misses you. Snorg claws you.
* * * LOW HITPOINT WARNING * * *
You barely miss Snorg.
Snorg is severely wounded.
You block Snorg's attack. Snorg barely misses you. Snorg claws you!
You die...

....(......).#####.#.#....#...###
##.#.######### #.#.............
.....# #.......#######. .....#
#######.#....... ######
##..#....... ####.#.#.......
##....#.#.......
###.#.###.#....... #@o####
#.#....... #T### #.#....... #Y#
####.#.......


ppY #..........). hYY ####....####. ยง.hp# #......# #. .##Y #......####' #
#...#....... #####..).... You could see Snorg (berserk, ally target), 5 yaks, 3
humans, 2 hounds and a friendly orc knight.

Vanquished Creatures
  Erica (D:8)
  A two-headed ogre (D:10)
  Sonja (D:10)
  Psyche (D:8)
  Maggie (D:8)
  A troll (D:9)
  Sigmund (D:4)
  9 yaks
  2 wyverns (D:9)
  A steam dragon (D:8)
  4 vampire mosquitoes (D:7)
  An acid dragon (D:9)
  Edmund (D:4)
  An ice beast (D:5)
  2 water moccasins
  Pargi (Sewer)
  2 sky beasts
  A wolf (D:10)
  An ogre (D:7)
  6 centaurs
  A phantom (D:5)
  2 kobold brigands
  5 bullfrogs
  2 scorpions
  17 wights
  3 killer bees (D:10)
  A howler monkey (D:7)
  6 hounds
  A jelly (D:6)
  6 orc priests
  Natasha (thrice) (D:2)
  6 iguanas
  2 sleepcaps
  11 orc wizards
  Robin (D:4)
  7 gnolls
  4 adders
  2 white imps
  An ufetubus (D:4)
  2 worms
  25 orcs
  5 endoplasms
  8 giant cockroaches
  14 goblins
  8 hobgoblins
  3 quokkas
  12 ball pythons
  6 bats
  6 frilled lizards
  10 kobolds
  4 rats
223 creatures vanquished.

Vanquished Creatures (collateral kills)
  Nergalle (D:10)
  A vampire (D:10)
  6 yaks
  Grum (D:10)
  2 wolves (D:10)
  A bullfrog (D:8)
  7 wights
  3 killer bees (D:10)
  A howler monkey (D:9)
  An orc wizard (D:8)
  2 kobolds (D:9)
26 creatures vanquished.

Vanquished Creatures (others)
  2 orc warriors
  An orc priest (D:9)
  An adder (D:3)
  An orc (D:9)
5 creatures vanquished.

Grand Total: 254 creatures vanquished

Notes
Turn   | Place    | Note
-------+----------+-------------------------------------------
     0 | D:1      | Gorgoleon the Hill Orc Fighter began the quest for the Orb.
     0 | D:1      | Reached XP level 1. HP: 19/19 MP: 1/1
    68 | D:1      | Reached skill level 3 in Axes
   175 | D:1      | Reached XP level 2. HP: 26/26 MP: 2/2
   267 | D:1      | Reached skill level 4 in Axes
   541 | D:1      | Reached XP level 3. HP: 31/31 MP: 3/3
   903 | D:2      | Reached skill level 5 in Axes
   958 | D:2      | Noticed Natasha
   963 | D:2      | Killed Natasha
   964 | D:2      | Reached XP level 4. HP: 39/39 MP: 4/4
  1014 | D:2      | Reached skill level 6 in Axes
  1102 | D:2      | Noticed Natasha
  1113 | D:2      | Killed Natasha
  1188 | D:2      | Noticed Natasha
  1198 | D:2      | Killed Natasha
  1199 | D:2      | Reached XP level 5. HP: 44/45 MP: 5/5
  1276 | D:2      | Reached skill level 7 in Axes
  1334 | D:2      | Found an ornate altar of the Wu Jian Council.
  1411 | D:3      | Found a runed translucent door.
  1588 | D:3      | Became a worshipper of Beogh the Brigand
  1644 | D:3      | Noticed Rangus's ghost (amateur GnWn)
  1955 | D:3      | Found a glowing silver altar of Zin.
  1955 | D:3      | Noticed an angel
  2243 | D:4      | Found Onihucvo's General Store.
  2281 | D:4      | Noticed Edmund
  2293 | D:4      | Killed Edmund
  2294 | D:4      | Reached skill level 8 in Axes
  2294 | D:4      | Reached XP level 6. HP: 15/51 MP: 6/6
  2461 | D:4      | Noticed Robin
  2481 | D:4      | Killed Robin
  2579 | D:4      | Found an ornate altar of the Wu Jian Council.
  2736 | D:4      | Noticed Sigmund
  2751 | D:4      | Killed Sigmund
  2752 | D:4      | Reached skill level 9 in Axes
  2752 | D:4      | Reached skill level 1 in Invocations
  2752 | D:4      | Reached XP level 7. HP: 54/59 MP: 6/8
  2852 | D:4      | Reached skill level 1 in Dodging
  2939 | D:4      | Found a staircase to the Ecumenical Temple.
  3308 | D:5      | Entered Level 5 of the Dungeon
  3409 | D:4      | Reached * piety under Beogh
  3519 | D:5      | Found a hide-covered altar of Uskayaw.
  3715 | D:5      | Reached XP level 8. HP: 66/67 MP: 9/9
  3976 | D:5      | Found an ancient bone altar of Kikubaaqudgha.
  4386 | D:5      | Reached skill level 10 in Axes
  4391 | D:5      | Reached skill level 5 in Fighting
  4614 | D:6      | Reached skill level 5 in Armour
  4779 | D:6      | Found a glowing drain.
  4819 | Sewer    | Entered a sewer
  4875 | Sewer    | Noticed Pargi
  4886 | Sewer    | Killed Pargi
  4887 | Sewer    | Reached skill level 5 in Shields
  5026 | Sewer    | Reached ** piety under Beogh
  5136 | D:6      | Found an iron altar of Okawaru.
  5149 | D:6      | Reached skill level 11 in Axes
  5256 | D:6      | Found a shadowy altar of Dithmenos.
  5256 | D:6      | Found a shimmering altar of Xom.
  5270 | D:6      | Reached XP level 9. HP: 70/74 MP: 12/12
  5436 | D:6      | Reached skill level 5 in Invocations
  5534 | D:6      | Reached skill level 12 in Axes
  5594 | D:6      | Found a hazy altar of Hepliaklqana.
  5672 | D:6      | Found a burning altar of Makhleb.
  6112 | D:7      | Identified a scroll of acquirement
  6112 | D:7      | Acquired a manual of Evocations
  6268 | D:7      | Reached skill level 13 in Axes
  6282 | D:7      | Reached skill level 14 in Axes
  6674 | D:7      | Reached skill level 15 in Axes
  6674 | D:7      | Reached XP level 10. HP: 40/81 MP: 13/13
  6897 | D:7      | Found a snail-covered altar of Cheibriados.
  7082 | D:7      | Found Sakoodal's General Store.
  7082 | D:7      | Found Ruyqap's Specific Store.
  7096 | D:7      | Bought a scroll of identify for 22 gold pieces
  7100 | D:7      | Bought a tin of tremorstones (2/2) for 440 gold pieces
  7338 | D:7      | Reached skill level 1 in Evocations
  7339 | D:8      | Noticed Maggie
  7351 | D:8      | Killed Maggie
  7758 | D:8      | Reached *** piety under Beogh
  7788 | D:8      | Reached skill level 16 in Axes
  7917 | D:8      | Reached skill level 5 in Evocations
  8127 | D:8      | Found a bloodstained altar of Trog.
  8341 | D:8      | Noticed Erica
  8343 | D:8      | Noticed Psyche
  8353 | D:8      | Killed Erica
  8364 | D:8      | Killed Psyche
  8937 | D:9      | Found a stormy altar of Qazlal.
  9009 | D:9      | Reached XP level 11. HP: 32/89 MP: 15/15
  9194 | D:9      | Found a blossoming altar of Fedhas.
  9439 | D:9      | Found a staircase to the Lair.
  9468 | D:9      | Gained Korbok as an ally
  9597 | D:9      | Gained Margrim as an ally
  9601 | D:9      | Reached **** piety under Beogh
  9663 | D:9      | Your ally Margrim died
  9876 | D:10     | Entered Level 10 of the Dungeon
 10044 | D:10     | Noticed Grum
 10053 | D:10     | Killed Grum
 10138 | D:10     | Your ally Korbok died
 10399 | D:10     | Noticed Nergalle
 10412 | D:10     | Killed Nergalle
 10452 | D:10     | Noticed Sonja
 10453 | D:10     | Noticed a two-headed ogre
 10479 | D:10     | Killed a two-headed ogre
 10516 | D:10     | Killed Sonja
 10717 | D:10     | Noticed Snorg
 10749 | D:10     | Mangled by Snorg

Illustrated notes

Levels and vault maps discovered:
D:1:      dpeg_arrival_tiny_a, layout_basic
D:2:      layout_rooms, basic_altar, serial_bayou_ford_a, minmay_pentomino_w4,
          uniq_natasha
D:3:      layout_basic, zin_angel, ebering_ghost_sewer_d
D:4:      layout_layer_cave, nicolae_wu_jian_wuxing_cycle,
          minmay_temple_entry_wispy, serial_shops, nicolae_shop_tiny_waterfront,
          uniq_edmund, uniq_robin, uniq_sigmund
D:5:      layout_loops_corners, mainiacjoe_overflow_small_starburst,
          nicolae_uskayaw_murder_on_the_dancefloor
D:6:      layout_loops_ring, amcnicky_altar_gilded,
          mainiacjoe_overflow_two_lobes, nicolae_overflow_two_pavilions,
          portal_sewer_entry_a, kennysheep_generic_room_13
D:7:      layout_cave_pods, slow_altar_2, st_stairs_5, nicolae_specific_store,
          corexii_leaking_fountain
D:8:      layout_basic, kennysheep_little_box, minmay_curled_crystal,
          uniq_maggie, uniq_psyche, uniq_erica
D:9:      layout_cave_pools, grunt_qazlal_clouds,
          nicolae_overflow_crystal_walls, lair_entry_dummy
D:10:     erik_cavepeople, layout_basic, enter_bailey_4, uniq_nergalle,
          uniq_grum, uniq_sonja, uniq_snorg

Skill      XL: |  1  2  3  4  5  6  7  8  9 10 11 |
---------------+----------------------------------+-----
Axes           | 3 4 5 6 8 9 11 15 16 | 16.0
Fighting       | 4 5 6 8 |  8.0
Invocations    | 1 2 4 5 6 |  6.7
Armour         | 4 5 6 |  6.8
Dodging        | 1 2 4 |  4.0
Shields        | 4 5 6 |  6.4
Evocations     | 6 7 |  7.1

Action                     |  1- 3 |  4- 6 |  7- 9 | 10-12 || total
---------------------------+-------+-------+-------+-------++-------
  Melee: War axe           |    59 |   136 |   320 |   309 ||   824
 Invoke: Convert to Beogh  |       |     1 |       |       ||     1
  Evoke: Wand              |       |       |       |     1 ||     1
    Use: Scroll            |       |    10 |     7 |     4 ||    21
         Potion            |       |     3 |     1 |    12 ||    16
   Stab: Distracted        |       |       |       |     3 ||     3
 Armour: Scale mail        |    18 |    68 |   165 |    14 ||   265
         Acid dragon scale |       |       |       |    92 ||    92
  Dodge: Dodged            |    25 |    62 |   132 |   137 ||   356
  Block: Buckler           |     8 |    34 |    62 |    72 ||   176
